[Event "Team 45 45 League T57"]
[Site "Internet Chess Club"]
[Date "2013.06.01"]
[Round "2"]
[White "FourKnights"]
[Black "WillC"]
[Result "0-1"]
[WhiteElo "1754"]
[BlackElo "1835"]
[Opening "QGD: 6.Nf3"]
[ECO "D55"]
[Time "17:30:38"]
[TimeControl "2700+45"]

1. d4 d5 2. c4 e6 3. Nf3 Nf6 4. Bg5 Be7 5. e3 O-O 6. Nc3 b6 7. Bd3 dxc4 8. Bxc4
Bb7 9. O-O Nbd7 10. Bd3 a6 11. Qe2 Re8 12. Rfe1 c5 13. Rac1 b5 14. dxc5 Nxc5 15.
Bb1 b4 16. Nd1 Nce4 17. Bf4 Rc8 18. Rxc8 Qxc8 19. Nd2 Rd8 20. Nxe4 Nxe4 21. f3
Nf6 22. Nf2 Nd5 23. Bg3 a5 24. e4 Ba6 25. Bd3 Bxd3 26. Nxd3 Nf6 27. Rd1 Qc4 28.
b3 Qb5 29. Kf1 h6 30. Nf2 Qb6 31. Rxd8+ Bxd8 32. Qd3 Bc7 33. Nh1 Nh5 34. Bf2 Qc6
35. Ng3 Qc1+ 36. Be1 Nxg3+ 37. hxg3 Bxg3 38. Qd8+ Kh7 39. Qd2 Qxe1+ 40. Qxe1
Bxe1 41. Kxe1 f5 42. Kd2 fxe4 43. fxe4 Kg6 44. Kd3 Kg5 45. Kd4 Kf4 46. e5 h5 47.
Kc5 Kxe5 48. Kb5 Kd4 49. Kxa5 Kc3 {White resigns} 0-1

[Event "Team 45 45 League T57"]
[Site "Internet Chess Club"]
[Date "2013.06.01"]
[Round "2"]
[White "bahamapapa"]
[Black "pishd"]
[Result "1-0"]
[WhiteElo "1896"]
[BlackElo "1793"]
[Opening "Queen's pawn game"]
[ECO "E00"]
[Time "12:19:17"]
[TimeControl "2700+45"]

1. d4 e6 2. c4 Nf6 3. a3 d5 4. cxd5 exd5 5. Bg5 Be7 6. Qc2 h6 7. Bh4 Ne4 8. Bxe7
Qxe7 9. e3 O-O 10. Nf3 c5 11. dxc5 Qxc5 12. Qxc5 Nxc5 13. Nc3 Be6 14. Rd1 Nc6
15. Nxd5 Rad8 16. Nc3 Bb3 17. Rxd8 Rxd8 18. Be2 Na5 19. Nd4 f6 20. O-O Bf7 21.
b4 {Black resigns} 1-0

[Event "Team 45 45 League T57"]
[Site "Internet Chess Club"]
[Date "2013.06.01"]
[Round "2"]
[White "timothysmall56"]
[Black "SugarIslander"]
[Result "1-0"]
[WhiteElo "1662"]
[BlackElo "1667"]
[Opening "Caro-Kann: exchange variation"]
[ECO "B13"]
[Time "21:02:07"]
[TimeControl "2700+45"]

1. e4 c6 2. d4 d5 3. exd5 cxd5 4. Bd3 Nc6 5. Nf3 Nf6 6. Bg5 e6 7. O-O Be7 8. Re1
Qb6 9. b3 Bd7 10. c3 h6 11. Bf4 Nh5 12. Be3 Qc7 13. Ne5 Nf6 14. Nxd7 Nxd7 15.
Qg4 g5 16. Nd2 h5 17. Qg3 Qxg3 18. fxg3 g4 19. Bf4 O-O-O 20. a4 Rdg8 21. a5 Bg5
22. b4 Bxf4 23. gxf4 Ne7 24. c4 Nc6 25. Rac1 Nxb4 26. cxd5+ Kb8 27. Bb5 exd5 28.
Rb1 Nc2 29. Bxd7 Nxe1 30. Rxe1 Kc7 31. Ba4 b6 32. Rc1+ Kb8 33. axb6 axb6 34. Rc6
Kb7 35. Rf6 g3 36. Rxf7+ Ka6 37. hxg3 Rxg3 38. Rf5 Rhg8 39. Rg5 R3xg5 40. fxg5
Rxg5 41. Nf3 Rg4 42. Bb3 h4 43. Bxd5 b5 44. Kf2 b4 45. Bb3 Kb6 46. d5 Kc5 47.
Nd2 Rf4+ 48. Ke3 Rg4 49. Ne4+ Kb6 50. Kf3 Rg3+ 51. Nxg3 hxg3 52. Kxg3 Kc5 53.
Kf3 Kd6 54. Kf4 {Black resigns} 1-0

[Event "Team 45 45 League T57"]
[Site "Internet Chess Club"]
[Date "2013.05.31"]
[Round "2"]
[White "Gorongonde"]
[Black "EyeAm"]
[Result "1/2-1/2"]
[WhiteElo "1690"]
[BlackElo "1781"]
[Opening "Réti opening"]
[ECO "A04"]
[Time "13:59:14"]
[TimeControl "2700+45"]

1. Nf3 e6 2. d3 f5 3. Nc3 Nf6 4. e4 Bb4 5. Bd2 fxe4 6. Nxe4 Bxd2+ 7. Qxd2 O-O 8.
Be2 b6 9. O-O-O Bb7 10. Ng3 c5 11. Ne5 Nc6 12. Bf3 Nxe5 13. Bxb7 Rb8 14. Ba6 b5
15. a4 bxa4 16. Qc3 Nc6 17. Qxc5 Qb6 18. Qxb6 Rxb6 19. Bc4 Rfb8 20. Kd2 Rxb2 21.
Ra1 d5 22. Ba6 Nb4 23. Rxa4 Rxc2+ 24. Kd1 Rxf2 25. Ne2 Rxg2 26. Bc8 Rxc8 27.
Rxb4 e5 28. Kd2 Ng4 29. h3 Nf2 30. Ra1 Nxh3 31. Ke3 Rc2 32. Rb8+ Kf7 33. Rxa7+
Kg6 34. Rb6+ Kh5 35. Nd4 exd4+ 36. Kxd4 Rg4+ 37. Kxd5 Nf4+ 38. Ke4 Ne6+ 39. Ke3
Rg3+ 40. Ke4 Re2+ 41. Kd5 Rxd3+ 42. Kc4 Rd4+ 43. Kc3 Re3+ 44. Kc2 h6 45. Re7
Rde4 46. Kd2 Re2+ 47. Kd1 Re1+ 48. Kd2 R4e2+ 49. Kc3 Rc1+ 50. Kd3 Nf4+ 51. Kd4
Rxe7 52. Rxh6+ Kxh6 {White stalemated} 1/2-1/2

[Event "Team 45 45 League T57"]
[Site "Internet Chess Club"]
[Date "2013.05.31"]
[Round "2"]
[White "bookseller"]
[Black "montgomerydvd"]
[Result "1/2-1/2"]
[WhiteElo "1656"]
[BlackElo "1464"]
[Opening "Philidor: exchange variation"]
[ECO "C41"]
[Time "14:01:17"]
[TimeControl "2700+45"]

1. e4 e5 2. Nf3 d6 3. d4 exd4 4. Nxd4 Nf6 5. Nc3 Be7 6. Be2 O-O 7. O-O Nbd7 8.
Bf4 Ne5 9. h3 a6 10. Nf3 Nxf3+ 11. Bxf3 Nd7 12. Qd5 c6 13. Qd4 Ne5 14. Bxe5 dxe5
15. Qxe5 Bf6 16. Qc5 Re8 17. Rad1 Qe7 18. Qxe7 Bxe7 19. Bg4 Bxg4 20. hxg4 Bf6
21. Rfe1 h6 22. f4 Bxc3 23. bxc3 Rad8 24. Rxd8 Rxd8 25. Kf2 f6 26. e5 fxe5 27.
fxe5 Kf7 28. Ke3 Ke6 29. Rf1 Rd7 30. Rf5 Rd5 31. Ke4 Rd2 32. Rf8 Rxg2 33. Re8+
Kd7 34. Rb8 Kc7 35. Rg8 Rxg4+ 36. Kf5 Rg5+ 37. Ke6 Rg6+ 38. Kf7 Rg2 39. e6 Rf2+
40. Kxg7 Kd6 41. Re8 h5 42. e7 Re2 43. Kf6 Rf2+ 44. Kg5 Rf7 45. Kxh5 Rxe7 46.
Rxe7 Kxe7 47. Kg5 Kd6 48. Kf4 Kc5 49. Ke5 Kc4 50. Kd6 c5 51. Kc7 b5 52. Kb6 Kxc3
53. Kxa6 b4 54. Kb5 Kxc2 55. Kxc5 Kb2 56. Kxb4 Kxa2 {Game drawn because neither
player has mating material} 1/2-1/2

[Event "Team 45 45 League T57"]
[Site "Internet Chess Club"]
[Date "2013.06.02"]
[Round "2"]
[White "Ostap-Bender"]
[Black "Megasus"]
[Result "1/2-1/2"]
[WhiteElo "1428"]
[BlackElo "1541"]
[Opening "Queen's pawn game"]
[ECO "A50"]
[Time "21:01:13"]
[TimeControl "2700+45"]

1. d4 Nf6 2. c4 c6 3. Nf3 d6 4. Nc3 Bf5 5. e3 Na6 6. Bd3 Qd7 7. O-O Bg4 8. h3
Bxh3 9. gxh3 Qxh3 10. Nh2 g5 11. Qf3 Qh4 12. Qg3 Nb4 13. Qxh4 gxh4 14. Be2 h5
15. Kh1 Bh6 16. Bd2 Na6 17. Rg1 O-O-O 18. Nf3 h3 19. Ng5 Bxg5 20. Rxg5 Rdg8 21.
Rag1 Rf8 22. Rg7 Nc7 23. d5 cxd5 24. cxd5 a6 25. e4 e6 26. dxe6 Nxe6 27. R7g3
Nd4 28. Bd3 Ng4 29. Rf1 Rfg8 30. Rxh3 h4 31. f3 Ne5 32. f4 Rg3 33. Rxg3 hxg3+
34. Kg2 Nxd3 35. Kxg3 Rg8+ 36. Kh4 Rg2 37. Be3 Nc2 38. Nd5 Kd7 39. f5 Nxe3 40.
Nxe3 Rf2 41. Rxf2 Nxf2 42. Nc4 Nxe4 43. Kg4 f6 44. Kf4 Nc5 45. Nb6+ Kc6 46. Nc4
b5 47. Ne3 Nd3+ 48. Ke4 Nxb2 49. Nd5 Nc4 50. Nxf6 Ne5 51. Nd5 Kd7 52. f6 Ke6 53.
Nc7+ Kxf6 54. Nxa6 Ke7 55. Kd5 Kd7 56. Nb4 Nc4 57. Nc2 Nb6+ 58. Kd4 Na4 59. Nb4
Kc7 60. Kd5 Nc3+ 61. Ke6 d5 62. Nxd5+ Nxd5 63. Kxd5 Kb6 64. Kd4 Ka5 65. Kc3 Ka4
66. Kb2 b4 67. Kb1 Ka3 68. Ka1 Ka4 69. Kb2 {Game drawn by mutual agreement}
1/2-1/2

[Event "Team 45 45 League T57"]
[Site "Internet Chess Club"]
[Date "2013.06.09"]
[Round "2"]
[White "nidusin2"]
[Black "LittleButton"]
[Result "0-1"]
[WhiteElo "1686"]
[BlackElo "1842"]
[Opening "Sicilian: closed"]
[ECO "B24"]
[Time "08:00:19"]
[TimeControl "2700+45"]

1. e4 c5 2. Nc3 Nc6 3. g3 e6 4. Bg2 g6 5. d3 Bg7 6. Be3 d6 7. Rb1 Nf6 8. Nge2
O-O 9. O-O Rb8 10. h3 b5 11. Qd2 b4 12. Nd1 Qa5 13. Ra1 Rd8 14. Bh6 Bh8 15. Bg5
Rd7 16. f4 Qb6 17. Kh1 c4 18. dxc4 Na5 19. Ne3 Ba6 20. f5 Ne8 21. fxe6 fxe6 22.
Bh6 Nf6 23. Nd4 Nh5 24. Ndf5 exf5 25. Nxf5 Bxc4 26. e5 Bxe5 27. Bd5+ Bxd5+ 28.
Qxd5+ Kh8 29. Rf3 gxf5 30. Kg2 Rg8 {White forfeits on time} 0-1

[Event "Team 45 45 League T57"]
[Site "Internet Chess Club"]
[Date "2013.06.03"]
[Round "2"]
[White "Schachteufel"]
[Black "fireball"]
[Result "0-1"]
[WhiteElo "1640"]
[BlackElo "1703"]
[Opening "French: King's Indian attack"]
[ECO "C00"]
[Time "08:00:51"]
[TimeControl "2700+45"]

1. e4 e6 2. d3 d5 3. Nd2 Nf6 4. Ngf3 Be7 5. g3 b6 6. Bg2 Bb7 7. e5 Nfd7 8. O-O
c5 9. c3 Nc6 10. d4 g5 11. Nb3 c4 12. Nbd2 h5 13. Ne1 Qc7 14. h3 O-O-O 15. b3
Na5 16. bxc4 Nxc4 17. Qa4 Na5 18. Nb3 Ba6 19. Nxa5 bxa5 20. Rb1 Nb6 21. Qxa5
Bxf1 22. Bxf1 Kb8 23. Nd3 Ka8 24. Nc5 Rc8 25. Na6 Qxc3 26. Nb4 Bxb4 27. Rxb4
Qxc1 28. Rxb6 Rb8 29. Ra6 Rb7 30. Kg2 Qc7 31. Qa4 Rhb8 32. Rc6 Qd7 33. Ba6 Rb6
34. Bb5 Rxb5 35. Rd6 Qc7 36. a3 Ra5 37. Qd1 Rxa3 38. Qxh5 Qe7 39. Qe2 f6 40. Qe1
fxe5 41. Qxe5 Re8 42. Rc6 Qf7 43. Rc7 Qf3+ {White resigns} 0-1

[Event "Team 45 45 League T57"]
[Site "Internet Chess Club"]
[Date "2013.06.04"]
[Round "2"]
[White "monkeyshark"]
[Black "kutch"]
[Result "1-0"]
[WhiteElo "1566"]
[BlackElo "1512"]
[Opening "Giuoco Piano"]
[ECO "C54"]
[Time "21:00:12"]
[TimeControl "2700+45"]

1. e4 e5 2. Nf3 Nc6 3. Bc4 Bc5 4. c3 Nf6 5. d4 exd4 6. cxd4 Bb4+ 7. Bd2 Bxd2+ 8.
Nbxd2 d5 9. exd5 Nxd5 10. O-O O-O 11. Re1 Bg4 12. h3 Be6 13. Ne4 a6 14. Nfg5 Bf5
15. Rc1 h6 16. Nf3 b6 17. Ng3 Be6 18. Bb3 Qd7 19. Re2 Nce7 20. Ne5 Qd6 21. Ne4
Qd8 22. Rec2 f6 23. Nc6 Nxc6 24. Rxc6 Qd7 25. Qh5 Nf4 26. Bxe6+ Nxe6 27. d5 Nf4
28. Qf3 Nxd5 29. Qd3 Rf7 30. Ng3 Rd8 31. Nf5 Nb4 32. Nxh6+ gxh6 33. Qg6+ Rg7 34.
Qxf6 Nxc6 35. Rxc6 Rf8 36. Qxh6 Qf7 37. f3 Qf4 38. Qe6+ Qf7 39. Qh6 Rh7 40. Rg6+
Rg7 41. Rc6 Qxf3 42. Qxg7+ Kxg7 43. gxf3 Rxf3 44. Rxc7+ Kg6 45. Rc6+ Kg5 46.
Rxb6 Rxh3 47. Rxa6 Rf3 48. b4 Kf5 49. b5 Ke5 50. b6 Rf8 51. a4 Kd5 52. b7 Rb8
53. Rb6 Kc5 54. a5 Kd4 55. a6 Kc5 56. a7 Rg8+ 57. Kf2 Kxb6 {Black resigns} 1-0

[Event "Team 45 45 League T57"]
[Site "Internet Chess Club"]
[Date "2013.05.30"]
[Round "2"]
[White "pmxpp"]
[Black "Ajolote"]
[Result "0-1"]
[WhiteElo "1455"]
[BlackElo "1520"]
[Opening "QGD: 3.Nc3"]
[ECO "D31"]
[Time "16:02:52"]
[TimeControl "2700+45"]

1. d4 d5 2. c4 e6 3. Nc3 Ne7 4. Bg5 f6 5. Bf4 g6 6. Nf3 a6 7. cxd5 Nxd5 8. Nxd5
exd5 9. Qb3 Nc6 10. a3 Bg7 11. e3 O-O 12. Bd3 Kh8 13. O-O Qe7 14. Qxd5 Be6 15.
Qc5 Qd7 16. Rac1 Rfd8 17. Bc4 Bg4 18. Nd2 Bf8 19. Qd5 Qxd5 20. Bxd5 Rxd5 21.
Bxc7 Rc8 22. Bf4 g5 23. Bg3 Be2 24. Rfe1 Bb5 25. Ne4 Be7 26. h3 h5 27. f4 h4 28.
Bh2 Bd3 29. Nf2 Bg6 30. e4 Rxd4 31. fxg5 Rdd8 32. gxf6 Bxf6 33. e5 Be7 34. Ng4
Rf8 35. g3 hxg3 36. Bxg3 Bg5 37. Rcd1 Rcd8 38. Rxd8 Rxd8 39. Kf2 Rf8+ 40. Kg2
Rd8 41. b4 Rd4 42. Bf2 Rd8 43. Bc5 Re8 44. Kg3 Bf5 45. a4 Bd2 46. Rf1 Be6 47.
Nf6 Rd8 48. Bd6 Bxb4 49. Rd1 Bxd6 50. Rxd6 Rxd6 51. exd6 Kg7 52. Ne4 Bd5 53. Kf4
Kf7 54. Ng5+ Ke8 55. Kf5 b5 56. axb5 axb5 57. Ne4 Bxe4+ 58. Kxe4 Kd7 59. Kd5 b4
60. Kc4 Kxd6 61. h4 Ke6 62. h5 Kf7 63. h6 Kg6 64. h7 Kxh7 65. Kb3 Kg6 66. Kc4
Kf5 67. Kb3 Ke4 68. Kc2 Kd4 69. Kb2 Kc4 70. Kc2 Na5 71. Kb2 Kd3 72. Kc1 Kc3 73.
Kb1 b3 74. Kc1 Nc6 75. Kb1 b2 {White resigns} 0-1

[Event "Team 45 45 League T57"]
[Site "Internet Chess Club"]
[Date "2013.06.01"]
[Round "2"]
[White "CaoCao"]
[Black "RedAttack"]
[Result "1/2-1/2"]
[WhiteElo "1902"]
[BlackElo "1853"]
[Opening "King's gambit"]
[ECO "C30"]
[Time "15:04:27"]
[TimeControl "2700+45"]

1. e4 e5 2. f4 Nc6 3. Nf3 d6 4. Bb5 exf4 5. d4 Bd7 6. Bxf4 Nf6 7. Nc3 Be7 8. O-O
O-O 9. d5 Nb8 10. Bxd7 Nbxd7 11. Nd4 Re8 12. Nf5 Bf8 13. Bg5 Qc8 14. Bxf6 Nxf6
15. Nh6+ gxh6 16. Rxf6 Bg7 17. Qf3 Bxf6 18. Qxf6 Qd8 19. Qxh6 Re5 20. h4 Qf8 21.
Qf4 Rae8 22. Rf1 R8e7 23. Rf3 Kh8 24. a4 c6 25. Rg3 f5 26. dxc6 bxc6 27. exf5
Qxf5 28. Qd2 d5 29. Rf3 Qg6 30. Qf2 Re1+ 31. Kh2 Re8 32. Rf8+ Kg7 33. Rf5 h6 34.
Qxa7+ R8e7 35. Qd4+ Kg8 36. Rf6 Qg7 37. Qf4 R1e6 38. Rxe6 Rxe6 39. a5 Rg6 40.
Qf2 d4 41. Ne4 Qe5+ 42. Ng3 Rg4 43. Kh3 Rf4 44. Qe2 Qf6 45. Qe8+ Kh7 46. Qd7+
Kh8 {Game drawn by mutual agreement} 1/2-1/2

[Event "Team 45 45 League T57"]
[Site "Internet Chess Club"]
[Date "2013.06.01"]
[Round "2"]
[White "frank001"]
[Black "RamRock"]
[Result "1/2-1/2"]
[WhiteElo "1790"]
[BlackElo "1890"]
[Opening "Dutch"]
[ECO "A80"]
[Time "22:01:24"]
[TimeControl "2700+45"]

1. d4 f5 2. Nc3 Nf6 3. Bf4 e6 4. e3 Be7 5. a3 O-O 6. h3 d6 7. Nf3 Qe8 8. Bd3 Nc6
9. g4 g6 10. Qd2 fxg4 11. hxg4 Nxg4 12. O-O-O e5 13. dxe5 dxe5 14. Bc4+ Kg7 15.
Nxe5 Ngxe5 16. Rxh7+ Kxh7 17. Rh1+ Kg7 18. Bh6+ Kf6 19. Ne4+ Kf5 20. Ng3+ Kf6
21. Ne4+ Kf5 22. Qd5 Rh8 23. Ng3+ Kf6 24. Ne4+ Kf5 25. Ng3+ Kf6 26. Ne4+ {Game
drawn by mutual agreement} 1/2-1/2

[Event "Team 45 45 League T57"]
[Site "Internet Chess Club"]
[Date "2013.06.03"]
[Round "2"]
[White "kidcobra"]
[Black "Portola"]
[Result "0-1"]
[WhiteElo "1763"]
[BlackElo "1836"]
[Opening "French: exchange variation"]
[ECO "C01"]
[Time "13:01:14"]
[TimeControl "2700+45"]

1. e4 e6 2. d4 d5 3. exd5 exd5 4. Nf3 Nf6 5. Bd3 Be7 6. O-O O-O 7. Bg5 Re8 8.
Re1 Nbd7 9. Nc3 c6 10. Ne5 Nf8 11. Qe2 Be6 12. f4 Qc8 13. h3 a6 14. g4 Qc7 15.
Bxf6 gxf6 16. f5 fxe5 17. fxe6 Nxe6 18. dxe5 Bc5+ 19. Kh1 Nf4 20. Qf3 Rxe5 21.
Rxe5 Qxe5 22. Rf1 Nxd3 23. cxd3 Rf8 24. Ne2 Qxb2 25. Qf4 f6 26. d4 Qxe2 27. dxc5
Qe4+ 28. Qxe4 dxe4 29. Kg2 Kg7 30. Kg3 Rd8 31. Kf4 Rd5 32. Rc1 Kg6 33. Kxe4 Kg5
34. Kf3 Rd3+ 35. Ke4 Rxh3 36. Rb1 Rh4 37. Rxb7 Rxg4+ 38. Kd3 h5 39. Ke3 Rc4 40.
Rg7+ Kh6 41. Rf7 Kg6 42. Ra7 h4 43. Rxa6 Rxc5 44. a4 h3 45. Kf2 f5 46. Ra8 f4
47. Rg8+ Kf5 48. Rf8+ Ke4 49. Re8+ Kd3 50. Rd8+ Kc4 51. Rh8 Kb4 52. Rxh3 Kxa4
53. Rh8 Rc4 54. Kf3 Kb3 55. Rb8+ Kc3 56. Rh8 c5 57. Rh3 Kb4 58. Rh1 Rd4 59. Rb1+
Kc4 60. Rc1+ Kd5 61. Ke2 c4 62. Ra1 Ke4 63. Ra8 f3+ 64. Kf2 Rd3 65. Re8+ Kd4 66.
Rd8+ Kc3 67. Ra8 Kc2 68. Ra2+ Kb3 69. Ra8 c3 70. Kg1 {White resigns} 0-1

[Event "Team 45 45 League T57"]
[Site "Internet Chess Club"]
[Date "2013.06.01"]
[Round "2"]
[White "QuieroAprender"]
[Black "xt"]
[Result "0-1"]
[WhiteElo "1692"]
[BlackElo "1739"]
[Opening "Sicilian"]
[ECO "B54"]
[Time "18:49:53"]
[TimeControl "2700+45"]

1. e4 c5 2. Nf3 d6 3. d4 cxd4 4. Nxd4 Nc6 5. Bb5 Bd7 6. Nxc6 Bxc6 7. Qd5 Qc7 8.
Nc3 Nf6 9. Bxc6+ Qxc6 10. Qxc6+ bxc6 11. Be3 e6 12. O-O Be7 13. h3 O-O 14. f4 a6
15. e5 Nd5 16. exd6 Bxd6 17. Nxd5 cxd5 18. Bd4 Rfc8 19. c3 Rab8 20. b4 Rc4 21.
a3 f6 22. Rae1 Kf7 23. Rf3 Ra8 24. g4 a5 25. Rfe3 Re8 26. bxa5 Bxf4 27. Rf3 e5
28. Rxf4 exf4 29. Rxe8 Kxe8 30. a6 Ra4 31. a7 Rxa3 32. Kf2 Kf7 33. Kf3 g5 34. h4
h6 35. hxg5 hxg5 36. Ke2 Ke6 37. Kf2 f5 38. Kf3 Ra2 39. Bc5 Kf6 40. Bd4+ Kg6 41.
Bc5 Ra4 42. Bd4 Ra3 43. gxf5+ Kxf5 44. Kf2 g4 45. Kg2 Ra2+ 46. Kf1 Ke4 47. Ke1
f3 48. Kf1 g3 49. Ke1 Kd3 {White resigns} 0-1

[Event "Team 45 45 League T57"]
[Site "Internet Chess Club"]
[Date "2013.05.31"]
[Round "2"]
[White "LittleButton"]
[Black "charles-allen"]
[Result "1/2-1/2"]
[WhiteElo "1820"]
[BlackElo "1881"]
[Opening "Petrov: Paulsen attack"]
[ECO "C42"]
[Time "09:00:44"]
[TimeControl "2700+45"]

1. e4 e5 2. Nf3 Nf6 3. Nxe5 d6 4. Nc4 Nxe4 5. Ne3 Qf6 6. Qe2 Qe6 7. g3 Be7 8.
Bg2 O-O 9. O-O c6 10. Re1 d5 11. d3 Nd6 12. Nd2 Re8 13. Nf3 Nd7 14. Qf1 Qg6 15.
Bd2 b6 16. Bh3 Bf6 17. Bc3 Nc5 18. Bxf6 Qxf6 19. b4 Qxf3 20. bxc5 bxc5 21. Bg2
Qf6 22. c4 d4 23. Bxc6 dxe3 24. Bxa8 Bh3 25. Bg2 e2 26. Rxe2 Rxe2 27. Bxh3 Rxf2
28. Qxf2 Qxa1+ 29. Bf1 Qe5 30. Qf3 g6 31. Qe2 {Game drawn by mutual agreement}
1/2-1/2

[Event "Team 45 45 League T57"]
[Site "Internet Chess Club"]
[Date "2013.06.01"]
[Round "2"]
[White "j65536d"]
[Black "flyingpawns"]
[Result "0-1"]
[WhiteElo "1792"]
[BlackElo "1795"]
[Opening "French: Tarrasch, open variation"]
[ECO "C07"]
[Time "22:09:40"]
[TimeControl "2700+45"]

1. e4 e6 2. d4 d5 3. Nd2 c5 4. c3 cxd4 5. cxd4 Nc6 6. Ngf3 Qb6 7. exd5 exd5 8.
Nb3 Bg4 9. Be2 Bb4+ 10. Bd2 Nge7 11. O-O Bxf3 12. Bxf3 Nxd4 13. Nxd4 Qxd4 14.
Qa4+ Nc6 15. Be3 Qe5 16. Bc5 Bxc5 17. Rfe1 O-O 18. Rxe5 Nxe5 19. Bxd5 Rad8 20.
Bb3 Nd3 21. Rf1 Rfe8 22. Qc4 Re7 23. g3 Rc7 24. Qh4 Rd4 25. Qh5 Rd6 26. Bc2 g6
27. Qe2 Nb4 28. a3 Nc6 29. b4 Bb6 30. Ba4 Re6 31. Qd2 Nd4 32. Kg2 Rce7 33. Qd3
Re2 34. Bd1 R2e5 35. a4 a6 36. Bg4 Nc6 37. b5 axb5 38. axb5 Nd4 39. Rb1 h5 40.
Bd1 Kg7 41. Rb4 Rd5 42. Bb3 Rd6 43. h4 Nf5 44. Qc2 Red7 45. Rf4 Ne3+ 46. fxe3
Rd2+ 47. Qxd2 Rxd2+ 48. Kf3 Rd7 49. Re4 Rc7 50. g4 hxg4+ 51. Kxg4 f5+ {White
resigns} 0-1

[Event "Team 45 45 League T57"]
[Site "Internet Chess Club"]
[Date "2013.06.01"]
[Round "2"]
[White "justice02"]
[Black "jt2000"]
[Result "0-1"]
[WhiteElo "1673"]
[BlackElo "1731"]
[Opening "English: symmetrical, four knights system"]
[ECO "A30"]
[Time "17:09:31"]
[TimeControl "2700+45"]

1. Nf3 Nf6 2. c4 c5 3. Nc3 Nc6 4. d3 g6 5. g3 Bg7 6. Bg2 d5 7. cxd5 Nxd5 8. Ne4
O-O 9. O-O Kh8 10. Nxc5 f5 11. Ng5 Qd6 12. Qc2 h6 13. Nf3 Ndb4 14. Qc4 b6 15.
Na4 Be6 16. Qh4 Nc2 17. Bf4 Qb4 18. Ng5 Bd7 19. Bd5 Qxa4 20. Bb3 Qb4 21. Bxc2 e5
22. a3 Qxb2 23. Bd2 Qxc2 24. Nf3 f4 25. gxf4 exf4 26. Rac1 Qa4 27. Rc4 Qxa3 28.
Bxf4 Qe7 29. Qg3 Qxe2 30. Nh4 Ne7 31. Re4 Qh5 32. Rxe7 Bf5 33. Nxf5 Qxf5 34. Bd6
Rfd8 35. Rfe1 Rac8 36. Rxa7 Rc6 37. Bb4 Rxd3 38. Qb8+ Rc8 39. Qb7 Rg8 40. Qe4
Qg5+ 41. Kh1 Rd4 42. Rxg7 Rxe4 43. Rxg8+ Kxg8 44. Rxe4 Qd5 45. f3 Qa2 46. Kg1
Kf7 47. Be1 b5 48. Rb4 Qe2 49. Bf2 Qxf3 50. Rxb5 Qg4+ 51. Kh1 Qe2 52. Rb7+ Ke6
53. Rb6+ Kf5 54. Kg2 h5 55. Rb3 g5 56. Rf3+ Kg6 57. h3 Qe4 58. Kg3 h4+ 59. Kg2
g4 60. hxg4 h3+ 61. Kg3 h2 62. g5 h1=Q 63. Rf6+ Kxg5 64. Rf4 Qeg2# {White
checkmated} 0-1

[Event "Team 45 45 League T57"]
[Site "Internet Chess Club"]
[Date "2013.06.01"]
[Round "2"]
[White "amicusUK"]
[Black "latayvia"]
[Result "1-0"]
[WhiteElo "1647"]
[BlackElo "1631"]
[Opening "Torre attack (Tartakower variation)"]
[ECO "D03"]
[Time "09:00:38"]
[TimeControl "2700+45"]

1. d4 d5 2. Nf3 Nf6 3. Bg5 Ne4 4. Bf4 c5 5. e3 Qb6 6. Nc3 Nxc3 7. bxc3 Nc6 8.
Qb1 Qa5 9. Qb2 c4 10. Be2 e5 11. dxe5 Ba3 12. Qb1 Qxc3+ 13. Nd2 Bb2 14. O-O Qxd2
15. Qxb2 Qxe2 16. e6 Bxe6 17. Qxg7 O-O-O 18. Rab1 Rhg8 19. Qb2 Rxg2+ 20. Kxg2
Qg4+ 21. Bg3 Qh3+ 22. Kg1 b6 23. f3 h5 24. c3 h4 25. Bf4 Qf5 26. Rbd1 Rg8+ 27.
Kh1 Ne5 28. Bxe5 Qxe5 29. Qd2 h3 30. Rg1 Rg5 31. Rxg5 Qxg5 32. Rg1 Qf5 33. Rg3
Qb1+ 34. Rg1 Qf5 35. Rf1 Kb7 36. Qe1 Qc2 37. Rf2 Qf5 38. Qc1 d4 39. e4 Qf6 40.
cxd4 Qxd4 41. Rd2 Qf6 42. Qd1 Qf4 43. Qe2 b5 44. Kg1 a6 45. Rc2 Qg5+ 46. Kf2
Qg2+ 47. Ke1 Qg1+ 48. Qf1 Qe3+ 49. Qe2 Qa3 50. Kf2 Qc5+ 51. Ke1 c3 52. Qd3 b4
53. f4 Qg1+ 54. Qf1 Qe3+ 55. Qe2 Qxe2+ 56. Rxe2 Bc4 57. Rf2 a5 58. Kd1 a4 59.
Kc2 Bxa2 60. Kd3 Bb1+ 61. Kc4 c2 62. Rf1 a3 63. Kb3 Kb6 64. e5 a2 65. Kb2 Kb5
66. f5 a1=Q+ 67. Kxa1 Ka4 68. Kb2 b3 69. e6 fxe6 70. fxe6 c1=Q+ 71. Rxc1 Bf5 72.
e7 Bd7 73. Rd1 {Black resigns} 1-0

[Event "Team 45 45 League T57"]
[Site "Internet Chess Club"]
[Date "2013.06.01"]
[Round "2"]
[White "Goli"]
[Black "alexping"]
[Result "1-0"]
[WhiteElo "1897"]
[BlackElo "1732"]
[Opening "King's pawn opening"]
[ECO "B07"]
[Time "12:00:51"]
[TimeControl "2700+45"]

1. e4 d6 2. d4 e5 3. dxe5 dxe5 4. Qxd8+ Kxd8 5. Nf3 Bd6 6. Bc4 f6 7. Be3 Nc6 8.
Nc3 Na5 9. Be2 Be6 10. Nb5 Nc6 11. O-O-O Ke7 12. Nxd6 cxd6 13. Rd2 Nh6 14. Bxh6
gxh6 15. Rhd1 Rhg8 16. Bf1 Rad8 17. h3 Rd7 18. b3 Rc8 19. Kb2 a6 20. a4 Nd8 21.
Ne1 Rb8 22. Nd3 Nc6 23. f4 b5 24. axb5 axb5 25. f5 Bf7 26. Nc5 Rdd8 27. Nd3 Rb6
28. Ra1 Rc8 29. Ne1 Rd8 30. g4 Nd4 31. Bg2 Rdb8 32. Nf3 Nxf3 33. Bxf3 Kd7 34. h4
Rc6 35. Rh2 Rbc8 36. Ra5 Rc3 37. Bd1 Re3 38. Re2 Rcc3 39. Rxb5 Kc6 40. Rb4 d5
41. exd5+ Bxd5 42. Rxe3 Rxe3 43. Ra4 Re1 44. Ra1 Kc5 45. Kc3 Re3+ 46. Kd2 Rh3
47. Ra6 Bc6 48. b4+ Kd5 49. c4+ Kxc4 50. Rxc6+ Kxb4 51. Rxf6 Rxh4 52. Re6 Kc4
53. Rxe5 Kd4 54. Re7 Rh2+ 55. Be2 h5 56. Rxh7 Ke5 57. Re7+ Kf6 58. Re6+ Kf7 59.
Rh6 h4 60. Ke3 Kg7 61. Rh5 Kf6 62. Bf3 Ke5 63. Rh6 {Black resigns} 1-0

[Event "Team 45 45 League T57"]
[Site "Internet Chess Club"]
[Date "2013.06.03"]
[Round "2"]
[White "Ayensa80"]
[Black "Beetlejuice"]
[Result "1/2-1/2"]
[WhiteElo "1704"]
[BlackElo "1737"]
[Opening "Sicilian defense"]
[ECO "B40"]
[Time "13:06:07"]
[TimeControl "2700+45"]

1. e4 c5 2. Nf3 e6 3. b3 Nf6 4. e5 Nd5 5. Bb2 Nc6 6. g3 g6 7. Bg2 Bg7 8. O-O O-O
9. Qe2 b6 10. Na3 d6 11. Nc4 dxe5 12. Nfxe5 Nxe5 13. Nxe5 f6 14. Nc6 Qd6 15.
Ne7+ Qxe7 16. Bxd5 Rb8 17. Rfe1 Re8 18. Bc4 Bd7 19. a4 Kh8 20. Rad1 e5 21. f4
Qd6 22. fxe5 fxe5 23. Qd3 Qc7 24. Bb5 Rbd8 25. Bxd7 Rxd7 26. Qe4 Qd8 27. d3 Kg8
28. Rf1 Ree7 29. Rf2 Qe8 30. Rdf1 Rd6 31. Qc4+ Kh8 32. a5 h6 33. Rf7 Rdd7 34.
Rxe7 Rxe7 35. axb6 axb6 36. Qe4 Kh7 37. Kg2 Qd7 38. Rf2 Qe8 39. Bc3 {Game drawn
by mutual agreement} 1/2-1/2

[Event "Team 45 45 League T57"]
[Site "Internet Chess Club"]
[Date "2013.06.03"]
[Round "2"]
[White "misuc56"]
[Black "Duguesclin"]
[Result "0-1"]
[WhiteElo "1915"]
[BlackElo "1676"]
[Opening "Nimzo-Indian: 4.e3 O-O"]
[ECO "E46"]
[Time "15:00:17"]
[TimeControl "2700+45"]

1. d4 Nf6 2. c4 e6 3. Nc3 Bb4 4. e3 O-O 5. Bd2 b6 6. Nf3 Bb7 7. Be2 Qe7 8. O-O
d5 9. a3 Bxc3 10. Bxc3 Rd8 11. cxd5 Nxd5 12. h3 Nd7 13. Rc1 c5 14. Qb3 Rac8 15.
Nh2 Nxc3 16. bxc3 Qg5 17. Bf3 c4 18. Qd1 Bd5 19. Bxd5 Qxd5 20. Qc2 Nf6 21. f3
Qa5 22. a4 Nd5 23. Kf2 a6 24. g3 b5 25. e4 Nxc3 26. Qxc3 b4 27. Qa1 c3 28. Qa2
Rxd4 29. Rc2 Rcd8 30. Kg2 Qb6 31. a5 Qb5 32. Qb3 Qxa5 33. Rff2 Rd2 34. Nf1 Rxf2+
35. Kxf2 Qc5+ 36. Kg2 a5 37. h4 h5 38. Qa4 Rb8 39. Nd2 Qe3 40. Nb3 Qd3 41. Nxa5
b3 42. Rf2 b2 43. Nc6 b1=Q 44. Nxb8 Qxb8 45. Qc6 Qbd8 46. Ra2 Qd2+ 47. Rxd2 cxd2
{White resigns} 0-1

[Event "Team 45 45 League T57"]
[Site "Internet Chess Club"]
[Date "2013.06.01"]
[Round "2"]
[White "TerryMalloy"]
[Black "MeoPatacca"]
[Result "1-0"]
[WhiteElo "1956"]
[BlackElo "1793"]
[Opening "French: Tarrasch, open variation"]
[ECO "C07"]
[Time "16:05:59"]
[TimeControl "2700+45"]

1. e4 e6 2. d4 d5 3. Nd2 c5 4. exd5 Qxd5 5. Ngf3 cxd4 6. Bc4 Qd6 7. Qe2 Nf6 8.
Nb3 Nc6 9. Bg5 Be7 10. O-O-O a6 11. Nbxd4 Nxd4 12. Rxd4 Qc7 13. Ne5 O-O 14. Rhd1
b5 15. Bb3 Rd8 16. Rxd8+ Bxd8 17. Kb1 Be7 18. c3 h6 19. Bh4 g5 20. Bg3 Bd6 21.
Nxf7 Bxg3 22. Nxh6+ Kg7 23. hxg3 Bb7 24. Ng4 Be4+ 25. Ka1 Bf5 26. Nxf6 Kxf6 27.
g4 {Black resigns} 1-0